 Dungeon Crawl Stone Soup version 0.28.0-47-ge53b351184 (webtiles) character file.

Game seed: 14934673245949277315

42 Cak3Hol3 the Caller (level 3, -3/24 HPs)
             Began as a Barachi Summoner on May 4, 2022.
             Slain by an orc
             ... wielding a +0 war axe
              (9 damage)
             ... on level 1 of the Dungeon.
             The game lasted 00:11:54 (1816 turns).

Cak3Hol3 the Caller (Barachi Summoner)              Turns: 1816, Time: 00:11:54

Health: -3/24      AC:  2    Str:  9    XL:     3   Next: 54%
Magic:  1/7        EV: 12    Int: 17    God:
Gold:   40         SH:  0    Dex: 12    Spells: 4/8 levels left

rFire   . . .      SeeInvis .   b - staff of cold
rCold   + . .      Faith    .   (no shield)
rNeg    . . .      Spirit   .   a - +0 robe
rPois   .          Reflect  .   (no helmet)
rElec   .          Harm     .   (no cloak)
rCorr   .          Rampage  .   (no gloves)
Will    +....                   (no boots)
Stlth   ++........              (no amulet)
HPRegen 0.08/turn               i - ring of willpower
MPRegen 0.10/turn               (no ring)

@: slow
A: amphibious, slowness 1, strong legs 1, +LOS
a: Hop


You were on level 1 of the Dungeon.
You visited 1 branch of the dungeon, and saw 2 of its levels.

You collected 40 gold pieces.

Inventory:

Hand Weapons
 e - a +2 short sword of venom
Missiles
 f - 5 atropa-tipped darts
 j - 4 javelins
Armour
 a - a +0 robe (worn)
Magical Staves
 b - a staff of cold (weapon)
Jewellery
 i - a ring of willpower (left hand)
Scrolls
 c - 2 scrolls of teleportation {unknown}
 g - a scroll of identify {unknown}
Potions
 d - a potion of attraction {unknown}
 h - a potion of cancellation {unknown}
 k - a potion of degeneration {unknown}


   Skills:
 + Level 2.2 Dodging
 + Level 2.1 Stealth
 * Level 3.1 Spellcasting
 * Level 5.4 Summonings


You had 4 spell levels left.
You knew the following spells:

 Your Spells              Type           Power      Damage    Failure   Level
a - Summon Small Mammal   Summ           84%        N/A       1%          1
b - Call Canine Familiar  Summ           21%        N/A       5%          3

Your spell library contained the following spells:

 Spells                   Type           Power      Damage    Failure   Level
 Call Imp                 Summ           21%        N/A       2%          2
 Summon Guardian Golem    Hex/Summ       11%        N/A       17%         3
 Blink                    Tloc           4%         N/A       26%         2
 Lesser Beckoning         Tloc           2%         N/A       45%         3
 Summon Lightning Spire   Summ/Air       11%        N/A       50%         4
 Manifold Assault         Tloc           2%         N/A       99%         5


Dungeon Overview and Level Annotations

Branches:
Dungeon (2/15)

Altars:


Innate Abilities, Weirdness & Mutations

You are amphibious.
You cover ground slowly.
You can hop short distances.
You have an extended range of vision and can be seen from far away.


Message History

The orc hits your quokka with a +0 war axe.
Your quokka dies!
Your quokka's corpse disappears in a puff of smoke!
Casting: Summon Small Mammal (safe; 1% risk of failure)
Press: ? - help, Q - select action, (/) - cycle Dir - look around, f - activate The orc hits you with a +0 short sword.
Your bat barely misses the orc.
The orc barely misses you.
There is an open door here.
Your bat barely misses the orc.
Your bat hits the orc. The orc closely misses you.
Your bat hits the orc. The orc closely misses you.
The orc barely misses your bat.
Your bat hits the orc. The orc closely misses your bat.
You see here a +0 club.
Your bat completely misses the orc.
Your bat hits the orc. Your bat hits the orc.
You see here a +0 club.
The orc hits you with a +0 war axe.
Your bat barely misses the orc.
The orc hits you with a +0 war axe!
* * * LOW HITPOINT WARNING * * *
Your bat barely misses the orc.
Your bat barely misses the orc.
Your bat misses the orc. Your bat misses the orc.
The orc closely misses your bat.
Your bat hits the orc. The orc barely misses you.
Your bat hits the orc.
Your bat closely misses the orc.
Your bat hits the orc. The orc barely misses your bat.
The orc hits something with a +0 war axe.
The orc hits something with a +0 war axe.
There is an open door here.
Casting: Call Canine Familiar (quite dangerous; 5% risk of failure)
Press: ? - help, Q - select action, (/) - cycle Dir - look around, f - activate Your hound barely misses the orc.
Your hound closely misses the orc.
There is an open door here.
Your hound barely misses the orc.
Your hound misses the orc. You closely miss the orc.
The orc is severely wounded.
The orc hits you with a +0 war axe!
You die...

......#...........#...# #.####.#
......#...........#...# #.# #.#
......####....#####...# #.# #.#
......# #....#####...####.# #.#
......# #....#...'...'....# #.#
......# #..b.#.###...###..# #.#
......####....#.#.'...'.#..# #.#
..............#.#.#...#.#..# #.#
..............'.@oh...'...># #.#
.......##.....#####...#.#..# #.#
.......##)####### #####.#..# #.#
.########.# #8..# #......# #..
.#.......)###...#####o#....######
......)....8.8.8.8b...###........
.....######..._...#########.#####
##...# #8.8.8.8.##.....#..#.##
#...# ###.ob.#.#.......#.#...


You could see an orc (ally target) and a friendly hound (summoned).

Vanquished Creatures
  A dart slug (D:1)
  2 bats (D:1)
  A goblin (D:1)
  A jackal (D:1)
  A kobold (D:1)
6 creatures vanquished.

Vanquished Creatures (collateral kills)
  A dart slug (D:1)
  2 ball pythons (D:1)
  2 bats (D:1)
  7 endoplasms
  A giant cockroach (D:1)
  3 jackals (D:1)
  A quokka (D:1)
  2 frilled lizards (D:1)
  A goblin (D:1)
  5 kobolds (D:1)
  A rat (D:1)
26 creatures vanquished.

Grand Total: 32 creatures vanquished

Notes
Turn   | Place    | Note
-------+----------+-------------------------------------------
     0 | D:1      | Cak3Hol3 the Barachi Summoner began the quest for the Orb.
     0 | D:1      | Reached XP level 1. HP: 13/13 MP: 3/3
     0 | D:1      | Found a faded altar of an unknown god.
   256 | D:1      | Reached skill level 5 in Summonings
   275 | D:1      | Reached XP level 2. HP: 18/19 MP: 1/5
   924 | D:1      | Reached XP level 3. HP: 19/24 MP: 4/7
   931 | D:1      | Learned a level 3 spell: Call Canine Familiar
  1816 | D:1      | Slain by an orc

Illustrated notes

Levels and vault maps discovered:
D:1:      wander_arrival_desolate, layout_basic, ebering_ecumenical_altar_ruins
D:2:      cheibrodos_pilgrimage, layout_basic, basic_altar

Skill      XL: |  1  2  3 |
---------------+----------+-----
Summonings     | 5 |  5.4
Stealth        | 2 |  2.1
Spellcasting   | 3 |  3.1
Dodging        | |  2.2

Action                   || total
-------------------------++-------
Melee: Staff             ||    31
 Cast: Summon Small Mamm ||    53
       Call Canine Famil ||     7
 Abil: Hop               ||     1
 Stab: Sleeping          ||     1
Armor: Robe              ||    24
Dodge: Dodged            ||    72
